Hakan, chaotic male elven Ranger * $$ $$ * $ ! ------ .....-# / $ |....|# $ $ $ $ |....|) $ | -.----)[# ` ) |.....!- ) ##*###I -- ---- ### / )## # ------- . ### |.{.%.-# . $ |.....| . ###|.....| > #..%.... * % --- * |...<.| ? ------- Hakan the Trailblazer Experience level: 6 Strength: 10 Dexterity: 12 Constitution: 15 Intelligence: 13 Wisdom: 15 Charisma: 8 Health: 0(43) Energy: 35(35) Def: 4 Gold: 405 Moves: 2859 Dungeon seed: 3EKaLC2AI3iLqCGo Game ID: Hakan_1517684746 Your Inventory: Coins $ - 405 gold pieces Weapons a - a +1 elven dagger b - a +1 elven bow (weapon in hand) c - 30 +2 elven arrows (in quiver) d - 8 +0 elven arrows r - a +0 dwarvish mattock Armor e - an uncursed +2 elven cloak (being worn) y - an uncursed +0 pair of elven boots (being worn) Comestibles k - an uncursed cram ration p - an uncursed apple C - 3 uncursed food rations G - 2 uncursed slime molds M - an uncursed tripe ration P - an uncursed partly eaten lembas wafer Scrolls i - an uncursed scroll of confuse monster j - an uncursed scroll of scare monster o - a cursed scroll of remove curse u - 2 uncursed scrolls of create monster B - an uncursed scroll of identify I - a cursed scroll of earth J - an uncursed scroll of earth S - an uncursed scroll of enchant armor T - a blessed scroll of create monster Potions v - an uncursed potion of water A - a potion of unholy water K - an uncursed potion of object detection R - an uncursed potion of speed Rings D - an uncursed ring of levitation N - an uncursed ring of conflict U - a cursed ring of aggravate monster Wands g - a wand of undead turning (0:4) E - a wand of speed monster (0:3) Tools l - an uncursed sack q - a +0 pick-axe t - an uncursed skeleton key w - an uncursed tin whistle F - an uncursed magic whistle O - an uncursed mirror Gems n - an uncursed jade stone z - an uncursed worthless piece of red glass Spells and supernatural/magical abilities: Name Level Category Fail Memory W - pray for help -- divine ? -- Your skills at the end: Fighting Skills Weapon Skills dagger [Basic] bow [Basic] Spellcasting Skills Final Attributes: You were piously aligned. You were sleep resistant. You were blinded. You had automatic searching. You had infravision. You were stealthy. You are dead. Vanquished creatures: a giant spider a soldier ant a wood nymph 2 mountain nymphs a rock piercer a pony a shrieker a straw golem 2 little dogs 2 floating eyes a homunculus a kobold lord 4 hill orcs 2 rabid rats a centipede 5 killer bees 4 acid blobs a gas spore a large kobold a brown mold 4 gnomes a gnome zombie a gecko a jackal a fox 6 sewer rats 2 grid bugs a lichen 4 kobold zombies 5 newts 60 creatures vanquished. Voluntary challenges: You were vegetarian. You used a wielded weapon 18 times, starting on turn 20. You were illiterate. You never genocided any monsters. You never polymorphed an object. You never changed form. You used no wishes. You never split a pudding. You never wrote Elbereth's name. You violated your moral code, losing 22 points of alignment, starting on turn 1832. Dungeon overview: The Dungeons of Doom: levels 1 to 8 Level 1 a long staircase Level 2 a fountain, a sink stairs to The Gnomish Mines Level 3 a general store Level 4 Level 5 a fountain Level 6 many fountains Level 7 some fountains stairs to Sokoban Level 8 <- You were here a fountain The Gnomish Mines: Level 3 stairs to The Dungeons of Doom Sokoban: levels 5 to 6 Level 5 Level 6 stairs to The Dungeons of Doom History has recorded: On T:1 you entered the Dungeons of Doom to retrieve the Amulet of Yendor! On T:44 you reached level 2 of The Dungeons of Doom. On T:178 you reached level 1 of The Gnomish Mines. On T:341 you reached level 3 of The Dungeons of Doom. On T:384 you advanced to experience level 2. On T:684 you reached level 4 of The Dungeons of Doom. On T:1035 you reached level 5 of The Dungeons of Doom. On T:1038 you advanced to experience level 3. On T:1208 you reached level 6 of The Dungeons of Doom. On T:1360 you advanced to experience level 4. On T:1479 you reached level 7 of The Dungeons of Doom. On T:1742 you reached level 4 of Sokoban. On T:1832 you advanced to experience level 5. On T:2181 you advanced to experience level 6. On T:2240 you reached level 3 of Sokoban. On T:2774 you reached level 8 of The Dungeons of Doom. Score breakdown: Gold: 405 ( 8873 points) Experience: 6 levels (12456 points) Exploration: 8 levels ( 16.33%) (11456 points) Discoveries: 4 items ( 1.38%) ( 3523 points) Valuables value: (no points given unless you survive) Artifact value: 0 ( 0 points) Variety of kills: 30 monsters ( 7.87%) ( 8418 points) Turncount: 2859 turns ( -528 points) Survival: died (score multiplied by 80%) Total score: 35358 Latest messages: The 2nd elven arrow hits the hill orc. The 3rd elven arrow hits the hill orc! The hill orc zaps a zinc wand! The raven bites! The raven blinds you! It bites! (2x) You miss it. It bites! You hear a nearby zap. You hit it. It bites! You hear a nearby zap. It bites! You detect the presence of objects. It bites! You hear a nearby zap. It bites! Never mind. You hit it. It bites! You miss it. It bites! You die... Final status: Goodbye Hakan the Ranger, killed by a raven... You died in The Dungeons of Doom on dungeon level 8 with 35358 points, and 405 pieces of gold, after 2859 moves. You were level 6 with a maximum of 43 hit points when you died.